Map: 2000 Atmospheres LE

Players

MaxPax

  • Race: Protoss Protoss

MarineLorD - Winner!

  • Race: Terran Terran
  • League: Master

Event: DreamHack SC2 Masters 2021 Winter

VOD

Have the link to the VOD?

Description

Time

  • Played on: Oct. 16, 2021, 9:56 a.m.
  • Length: 12:04

All games in this series

Show
View Real Time Build Order
Export as new Build Order

MaxPax Protoss 

Build Orders: 1 Gate Expand, Blink Stalkers 

Get SALT Encoding   

  12  0:00  Probe  
  13  0:12  Probe  
  14  0:18  Pylon  
  14  0:24  Probe  
  15  0:36  Gateway, Probe (Chrono Boost)  
  16  0:46  Assimilator  
  16  0:47  Probe (Chrono Boost)  
  17  0:51  Probe (Chrono Boost)  
  18  1:03  Probe  
  19  1:15  Probe  
  20  1:23  Cybernetics Core  
  20  1:32  Nexus  
  20  1:35  Probe  
  21  1:42  Pylon  
  21  1:53  Probe  
  22  1:57  Adept (Chrono Boost), Assimilator  
  22  2:00  Warp Gate  
  24  2:05  Probe  
  25  2:17  Adept (Chrono Boost), Probe  
  28  2:29  Probe  
  29  2:32  Twilight Council  
  29  2:40  Gateway  
  29  2:41  Probe  
  29  2:43  Probe  
  31  2:47  Stalker (Chrono Boost)  
  33  2:55  Probe  
  34  3:00  Probe  
  35  3:07  Probe  
  35  3:12  Probe  
  37  3:15  Stalker (Chrono Boost)  
  37  3:19  Blink (Chrono Boost)  
  39  3:20  Shield Battery  
  36  3:28  Probe  
  36  3:32  Pylon  
  37  3:38  Probe  
  37  3:40  Probe  
  35  3:48  Stalker x2  
  37  3:50  Probe  
  37  3:52  Probe  
  41  4:03  Probe  
  41  4:04  Probe  
  43  4:13  Robotics Facility  
  43  4:15  Probe  
  44  4:17  Stalker x2  
  44  4:19  Probe  
  49  4:27  Probe  
  49  4:31  Probe  
  49  4:42  Pylon  
  46  4:46  Stalker x2  
  46  4:51  Nexus  
  47  5:01  Gateway  
  47  5:04  Probe  
  49  5:09  Stalker x2  
  49  5:11  Immortal (Chrono Boost), Shield Battery  
  56  5:19  Probe x2  
  57  5:29  Gateway  
  57  5:31  Probe  
  57  5:32  Probe  
  57  5:33  Charge  
  59  5:38  Pylon  
  59  5:42  Zealot  
  59  5:44  Probe  
  59  5:46  Pylon, Shield Battery  
  62  5:56  Probe (Chrono Boost)  
  64  5:59  Gateway  
  64  6:01  Probe (Chrono Boost), Sentry  
  64  6:03  Gateway  
  66  6:05  Zealot  
  66  6:07  Probe (Chrono Boost)  
  66  6:10  Probe (Chrono Boost)  
  71  6:11  Probe x2 (Chrono Boost)  
  71  6:12  Warp Prism (Chrono Boost), Zealot  
  76  6:20  Probe  
  77  6:25  Zealot  
  77  6:26  Zealot x2  
  77  6:32  Zealot  
  84  6:42  Gateway  
  84  6:44  Gateway  
  84  6:46  Probe x2  
  90  6:49  Zealot x3  
  90  6:50  Probe  
  93  6:58  Pylon  
  93  7:01  Pylon x2  
  93  7:07  Gateway  
  93  7:09  Gateway  
  93  7:11  Pylon  
  93  7:13  Pylon  
  93  7:16  Observer, Probe, Sentry  
  93  7:17  Sentry  
  99  7:23  Zealot x4  
  101  7:37  Probe  
  101  7:38  Probe  
  101  7:39  Templar Archives  
  101  7:40  Assimilator  
  101  7:42  Zealot x4, Assimilator  
  101  7:43  Zealot x2  
  111  7:52  Zealot  
  111  7:53  Zealot  
  115  8:00  Pylon  
  115  8:05  Forge  
  115  8:06  Pylon  
  115  8:09  Stalker x5  
  124  8:16  Zealot x3  
  120  8:27  Zealot x2  
  116  8:34  Zealot x4  
  116  8:41  Zealot x3  
  106  8:46  Zealot  
  100  8:54  Stalker x2  
  98  8:57  Stalker x2  
  98  9:02  Warp Prism (Chrono Boost)  
  102  9:18  Zealot x5  
  102  9:19  Zealot  
  102  9:20  High Templar x2  
  102  9:21  Assimilator  
  102  9:23  Assimilator  
  114  9:32  Shield Battery  
  110  9:40  Zealot x4, Archon  
  110  9:41  Zealot  
  116  9:49  Zealot x3  
  106  9:56  Zealot x2  
  106  10:03  Zealot  
  106  10:04  Zealot x4  
  112  10:11  High Templar x3  
  118  10:17  Observer (Chrono Boost)  
  119  10:27  Stalker x3  
  119  10:28  Zealot x3  
  93  10:44  Archon  
  93  10:47  Zealot x4  
  83  10:54  Zealot x2  
  83  10:55  Zealot x2  
  85  10:57  Zealot x2  
  81  11:10  Zealot  
  81  11:11  Zealot x3  
  81  11:16  Zealot x4  
  87  11:18  Zealot x2  
  87  11:31  Zealot, Sentry x3  
  91  11:39  Zealot x6  
  71  11:54  Zealot x2  
  71  11:55  Zealot x2  
Show
View Real Time Build Order
Export as new Build Order

MarineLorD Terran - Winner!

Build Orders:  

Get SALT Encoding   

  12  0:00  SCV  
  13  0:12  SCV  
  14  0:16  Supply Depot  
  14  0:24  SCV  
  15  0:38  SCV  
  15  0:42  Barracks  
  16  0:45  Refinery  
  16  0:50  SCV  
  17  1:02  SCV  
  17  1:04  Barracks  
  18  1:14  SCV  
  19  1:28  Marine  
  20  1:47  Command Center  
  20  1:52  Barracks Reactor, Barracks Tech Lab  
  20  1:58  Supply Depot  
  20  2:10  Concussive Shells  
  20  2:11  Marauder  
  22  2:19  Orbital Command  
  22  2:27  Marine  
  22  2:28  Marine  
  24  2:33  Marauder  
  26  2:45  SCV, Marine x2  
  29  2:54  Marauder  
  29  2:57  SCV  
  31  3:01  Orbital Command  
  31  3:07  Marine  
  31  3:09  SCV  
  32  3:16  Marine  
  32  3:21  SCV  
  32  3:22  Marine  
  32  3:27  Marine  
  32  3:29  SCV  
  32  3:33  SCV  
  33  3:41  SCV  
  33  3:42  Marine x2  
  33  3:44  Stimpack  
  33  3:45  SCV  
  36  3:50  Barracks  
  36  3:53  SCV  
  37  3:58  SCV  
  37  4:01  Marauder  
  40  4:02  Supply Depot  
  40  4:06  SCV  
  41  4:10  SCV  
  41  4:11  Barracks  
  42  4:18  SCV  
  42  4:22  SCV  
  42  4:24  Marauder  
  46  4:29  Bunker  
  46  4:30  SCV  
  47  4:34  SCV, Marine x2  
  49  4:42  SCV  
  48  4:46  SCV  
  48  4:49  Marauder  
  48  4:52  Barracks Tech Lab, Engineering Bay  
  51  4:54  SCV  
  51  4:57  Supply Depot, Refinery, Marine  
  51  4:58  Supply Depot, SCV  
  51  4:59  Barracks Tech Lab  
  54  5:15  Factory  
  54  5:19  SCV x2, Marine  
  54  5:21  Marine  
  58  5:22  Marauder x2  
  62  5:31  SCV x2  
  62  5:33  Refinery  
  62  5:34  Supply Depot  
  62  5:35  Refinery  
  64  5:38  Supply Depot  
  64  5:43  Marauder, SCV, Marine x2  
  69  5:50  SCV  
  69  5:51  Marauder  
  69  5:54  Supply Depot  
  69  5:56  Terran Infantry Weapons Level 1  
  70  5:59  Marine  
  70  6:04  Missile Turret  
  71  6:07  Marine x2  
  71  6:10  Starport  
  73  6:12  Factory Reactor  
  73  6:18  Marauder  
  75  6:21  Marauder  
  75  6:24  Supply Depot  
  75  6:31  Marine x2  
  77  6:35  Combat Shield  
  77  6:36  Supply Depot  
  77  6:37  Supply Depot  
  77  6:39  Marauder  
  79  6:46  Barracks  
  79  6:47  Barracks  
  79  6:56  Medivac x2  
  79  7:00  Marauder, Factory Reactor, Marine x2  
  86  7:03  Marauder  
  88  7:10  Supply Depot x2  
  88  7:17  SCV x2, Command Center  
  88  7:21  Marauder  
  92  7:22  Marine  
  92  7:25  Marauder  
  92  7:37  Medivac x2  
  92  7:40  Widow Mine x2  
  92  7:43  Marauder, SCV x2  
  103  7:47  Barracks Tech Lab, Barracks Reactor  
  103  7:50  Terran Infantry Armor Level 1  
  103  8:01  Marine  
  103  8:02  Marauder, Marine  
  103  8:04  Marauder  
  109  8:08  Medivac x2  
  113  8:14  Marauder, SCV  
  113  8:15  Supply Depot  
  113  8:19  Marine x2  
  116  8:23  Marauder  
  116  8:25  Marauder  
  119  8:27  Marine  
  119  8:28  Marine  
  118  8:35  Marine  
  118  8:37  Marine x2  
  105  8:44  Marauder, SCV  
  105  8:45  Marine  
  105  8:46  Marine  
  105  8:47  Marauder  
  102  8:51  SCV  
  102  8:53  Marine  
  102  8:55  Marine  
  104  9:00  Marine  
  105  9:05  Marine x2  
  105  9:06  Marauder  
  105  9:08  Marauder, SCV x2  
  113  9:10  Medivac x2  
  113  9:11  Marauder, Widow Mine  
  117  9:20  SCV  
  117  9:21  SCV  
  119  9:26  Orbital Command  
  119  9:27  Marauder  
  119  9:29  Marauder  
  123  9:32  SCV  
  123  9:33  SCV  
  123  9:34  Marauder, Marine  
  123  9:36  Marine  
  129  9:38  Marine  
  129  9:44  SCV  
  129  9:45  SCV  
  129  9:49  Marauder  
  129  9:51  Marauder  
  127  9:53  Marine x2  
  127  9:56  Marauder  
  127  9:58  SCV  
  130  10:05  Medivac x2  
  134  10:09  Missile Turret  
  134  10:10  Marauder  
  134  10:14  Marauder, Ghost Academy  
  138  10:15  Supply Depot  
  138  10:17  Supply Depot  
  138  10:18  Marine x4  
  142  10:21  Marine  
  143  10:31  Marauder  
  143  10:35  Marine  
  144  10:36  Marine x2  
  144  10:40  Marauder  
  144  10:41  Marine x2  
  135  10:46  Medivac x2  
  135  10:47  Widow Mine x2  
  135  10:53  Marauder x2  
  135  10:54  Marine x2  
  136  10:58  SCV, Marine x2  
  136  11:01  Marauder  
  136  11:03  SCV  
  134  11:09  Widow Mine x2  
  134  11:10  SCV  
  134  11:12  Marine  
  134  11:13  Marine  
  134  11:14  Marauder  
  134  11:15  Marauder  
  134  11:17  SCV  
  140  11:19  SCV  
  140  11:21  Marine  
  140  11:23  Marauder  
  140  11:30  Marine x2  
  140  11:31  Widow Mine x2, Marine  
  140  11:32  Medivac x2  
  146  11:35  Marauder  
  146  11:36  Marauder, SCV  
  148  11:42  Marine  

Tags
 
Add a new tag
Caveats
  • Supply blocks, unpowered buildings, or Contaminate may cause inaccurate times.
  • Supply counts are checked every 10 seconds.